 Dungeon Crawl Stone Soup version 0.31.0-32-g396128a36d (webtiles) character file.

Game seed: 12521022596348160974

108 tizbic2 the Changeling (level 4, -4/34 HPs)
             Began as a Demonspawn Shapeshifter on Mar 19, 2024.
             Slain by an orc
             ... wielding a +0 trident
              (5 damage)
             ... on level 3 of the Dungeon.
             The game lasted 00:08:05 (1818 turns).

tizbic2 the Changeling (Demonspawn Shapeshifter)    Turns: 1818, Time: 00:08:08

Health: -4/34      AC:  5    Str: 16    XL:     4   Next: 58%
Magic:  4/4        EV: 11    Int: 17    God:
Gold:   167        SH:  0    Dex: 12    Spells: 3/3 levels left

rFire   . . .        a - +0 dagger (venom)
rCold   + . .        (no shield)
rNeg    . . .        g - +0 ring mail
rPois   .            (helmet currently unavailable)
rElec   .            (cloak currently unavailable)
rCorr   .            (gloves currently unavailable)
SInv    .            (boots currently unavailable)
Will    .....        (no amulet)
Stlth   +            n - +6 ring of intelligence
HPRegen 0.25/turn    m - ring of protection from cold
MPRegen 0.09/turn

%: no passive effects
@: mighty, brilliant, lethally poisoned (-4 -> -5), beast-form
A: beast (slay +2), antennae 1
a: Begin Untransformation


You were on level 3 of the Dungeon.
You were a hulking beast.
You visited 1 branch of the dungeon, and saw 3 of its levels.

You collected 167 gold pieces.

Inventory:

Hand Weapons
 a - a +0 dagger of venom (weapon)
 p - a +0 spear
 w - a +0 sling
Missiles
 r - 5 poisoned darts
Armour
 e - a +0 robe
 g - a +0 ring mail (worn)
 j - a +0 pair of boots of flying
 u - a +0 scale mail
Jewellery
 m - a ring of protection from cold (right hand)
 n - a +6 ring of intelligence (left hand)
Talismans
 c - a beast talisman (active)
 d - a flux talisman
Scrolls
 h - 2 scrolls of blinking {unknown}
 i - 4 scrolls of teleportation {unknown}
 o - a scroll of identify {unknown}
 q - a scroll of enchant weapon {unknown}
 s - a scroll of vulnerability {unknown}
Potions
 b - 2 potions of lignification
 f - a potion of brilliance
 k - a potion of berserk rage {unknown}
 l - a potion of degeneration {unknown}
 t - a potion of haste {unknown}


   Skills:
 + Level 2.6 Fighting
 - Level 1.7 Dodging
 - Level 2.6 Unarmed Combat
 * Level 4.1 Shapeshifting


You had 3 spell levels left.
You didn't know any spells.
Your spell library contained the following spells:

 Spells                   Type           Power      Damage    Failure   Level
 Stone Arrow              Conj/Erth      0%         3d7       80%         3
 Animate Armour           Summ/Erth      0%         N/A       99%         4
 Lehudib's Crystal Spear  Conj/Erth      0%         10d2      100%        8


Dungeon Overview and Level Annotations

Branches:
Dungeon (3/15)

Altars:
Wu Jian

Annotations:
D:2 1 runed translucent door, Crazy Yiuf


Innate Abilities, Weirdness & Mutations

You are a hulking beast.
Your limbs bulge with bestial killing power. (Slay +2)
You have a pair of small antennae on your head.


Message History

You shoot a sling bullet. The sling bullet barely misses the orc.
You feel very sick.
An orc comes into view. It is wielding a +0 trident.
You are too injured to fight recklessly!
Unknown command.
Fire: w) +0 sling
Press: ? - help, Q - select action, (/) - cycle Shift-Dir - straight line, f/p - orc
Aim: an orc, wielding a +0 hand axe (57% to hit)
You shoot a sling bullet. The sling bullet barely misses the orc.
The sling bullet hits the orc.
The orc is severely wounded.
You feel very sick.
Fire: w) +0 sling
Press: ? - help, Q - select action, (/) - cycle Shift-Dir - straight line, f/p - orc
Aim: an orc, wielding a +0 hand axe (59% to hit)
You shoot a sling bullet. The sling bullet barely misses the orc.
The sling bullet closely misses the orc.
You feel very sick.
An orc comes into view. It is wielding a +0 flail.
You feel sick.
The orc shouts!
The orc attacks as it pursues you! The orc misses you.
Your +0 dagger of venom begins to drip with poison!
a - a +0 dagger of venom (weapon)
You feel sick.
You hit the orc.
The orc is poisoned.
The orc is heavily wounded.
You feel sick. The orc hits you with a +0 hand axe.
* * * LOW HITPOINT WARNING * * *
It was a potion of brilliance.
You feel clever all of a sudden.
* * * LOW HITPOINT WARNING * * *
You feel sick. The orc hits you but does no damage.
It was a potion of might.
You feel very mighty all of a sudden.
* * * LOW HITPOINT WARNING * * *
You feel sick.
You kill the orc!
The orc hits you from afar with a +0 trident.
You die...

##################
.........).......#
.####....#...##..#
## #....#...# #.#
#####....##..###.#
........###......#
....#...# ##.....#
....#...# ###...#
...##..## ####h#
.####..# #..))#
......## #.....o.#
.....## .........
...### ........#.
#### ###o###.#.. #
... #.# ## ... #.#
.. #.#


You could see 2 orcs.

Vanquished Creatures
  Jessica (D:2)
  2 adders (D:2)
  A dart slug (D:1)
  A ribbon worm (D:2)
  2 orcs (D:3)
  4 ball pythons
  3 bats
  6 endoplasms
  8 goblins
  5 hobgoblins
  8 jackals
  4 kobolds
  3 quokkas (D:2)
  A frilled lizard (D:2)
  5 rats
54 creatures vanquished.

Notes
Turn   | Place    | Note
-------+----------+-------------------------------------------
     0 | D:1      | tizbic2 the Demonspawn Shapeshifter began the quest for the
                  | Orb.
     0 | D:1      | Reached XP level 1. HP: 15/15 MP: 1/1
   287 | D:1      | Reached skill level 3 in Shapeshifting
   316 | D:1      | Gained mutation: You have a pair of small antennae on your
                  | head. [demonic ancestry]
   316 | D:1      | Reached XP level 2. HP: 7/21 MP: 2/2
   954 | D:2      | Found a runed translucent door.
   955 | D:2      | Noticed Crazy Yiuf
  1013 | D:2      | Reached XP level 3. HP: 19/27 MP: 3/3
  1238 | D:2      | Noticed Jessica
  1241 | D:2      | Killed Jessica
  1242 | D:2      | Reached XP level 4. HP: 33/34 MP: 4/4
  1560 | D:3      | Found an ornate altar of the Wu Jian Council.
  1700 | D:3      | Reached skill level 4 in Shapeshifting
  1818 | D:3      | HP: 1/34 [poisoned by an orc]
  1818 | D:3      | Slain by an orc

Illustrated notes

Levels and vault maps discovered:
D:1:      amcnicky_arrival_flooded_fountain, layout_loops_ring,
          minmay_misc_feat_tower
D:2:      layout_basic, uniq_jessica, uniq_crazy_yiuf_cottage
D:3:      minmay_recursive_quarters, layout_loops_ring,
          nicolae_overflow_hidden_temple

Skill      XL: |  1  2  3  4 |
---------------+-------------+-----
Shapeshifting  | 3 4 |  4.1
Fighting       | 2 |  2.6
Dodging        | |  1.7
Unarmed Combat | |  2.6

Action                     |  1- 3 |  4- 6 || total
---------------------------+-------+-------++-------
  Melee: Spear             |   113 |       ||   113
         Unarmed           |     7 |       ||     7
         Punch             |     1 |       ||     1
         Dagger            |       |    20 ||    20
   Fire: Sling             |    20 |    36 ||    56
    Use: Potion            |     1 |     2 ||     3
         Scroll            |     1 |       ||     1
   Stab: Sleeping          |     1 |       ||     1
 Armour: Robe              |    14 |       ||    14
         Ring mail         |    78 |    21 ||    99
         Skin              |     9 |       ||     9
  Dodge: Dodged            |    49 |    15 ||    64
   Form: Beast             |     1 |       ||     1
         Flux              |     1 |       ||     1
